 Dungeon Crawl Stone Soup version 0.25-a0-523-g9afb2ee040 (webtiles) character file.

Game seed: 2033946607692149308, levelgen mode: deterministic

30235 Flugslaktarn the Cleaver (level 13, -9/121 HPs)
             Began as a Deep Dwarf Fighter on Feb 18, 2020.
             Was a High Priest of Makhleb.
             Mangled by a skeletal warrior
             ... wielding a +0 flail
             ... led by a skeletal warrior
              (17 damage)
             ... on level 15 of the Dungeon.
             The game lasted 00:07:37 (8533 turns).

Flugslaktarn the Cleaver (Deep Dwarf Fighter)       Turns: 8533, Time: 00:07:38

Health: -9/121     AC: 25    Str: 24    XL:     13   Next: 19%
Magic:  13/13      EV:  6    Int: 10    God:    Makhleb [*****.]
Gold:   513        SH:  0    Dex: 12    Spells: 12/12 levels left

rFire    . . .     SeeInvis .   a - +0 war axe (vorpal)
rCold    + . .     Gourm    .   p - +0 kite shield
rNeg     . . .     Faith    +   h - +0 plate armour
rPois    .         Spirit   .   u - +2 helmet
rElec    .         Reflect  .   J - +2 cloak
rCorr    .         Harm     .   K - +1 pair of gloves
MR       ++...                  y - +0 pair of boots
Stlth    ..........             G - amulet of faith (curse)
HPRegen  0.00/turn              m - ring of protection from magic
MPRegen  0.13/turn              c - ring of protection from cold

@: confused, non-regenerating
A: damage resistance, heal wounds, sense surroundings 2, no regeneration
a: Heal Wounds, Minor Destruction, Lesser Servant of Makhleb, Major Destruction,
Greater Servant of Makhleb, Renounce Religion


You were on level 15 of the Dungeon.
You worshipped Makhleb.
Makhleb was extremely pleased with you.
You were very hungry.

You visited 2 branches of the dungeon, and saw 15 of its levels.
You also visited: Ice Cave.

You collected 576 gold pieces.
You spent 63 gold pieces at shops.

Inventory:

Hand Weapons
 a - a +0 vorpal war axe (weapon)
 H - a +1 broad axe
   (You took it off Harold on level 10 of the Dungeon)
Missiles
 g - 3 throwing nets (quivered)
Armour
 b - a scarf of resistance
   (You found it on level 5 of the Dungeon)
 h - a +0 plate armour (worn)
   (You found it on level 1 of the Dungeon)
 p - a +0 kite shield (worn)
 u - a +2 helmet (worn)
   (You took it off Robin on level 4 of the Dungeon)
 y - a +0 pair of boots (worn)
   (You bought it in a shop on level 5 of the Dungeon)
 J - a +2 cloak (worn)
   (You took it off Maurice on level 10 of the Dungeon)
 K - a +1 pair of gloves (worn)
   (You found it in an ice cave)
Jewellery
 c - a ring of protection from cold (right hand)
   (You found it on level 10 of the Dungeon)
 f - an uncursed ring of fire
   (You found it on level 1 of the Dungeon)
 m - a ring of protection from magic (left hand)
   (You found it on level 5 of the Dungeon)
 G - a cursed amulet of faith (around neck)
   (You found it on level 10 of the Dungeon)
Wands
 j - a wand of enslavement (10)
   (You found it on level 14 of the Dungeon)
 v - a wand of iceblast (12)
   (You found it on level 5 of the Dungeon)
 B - a wand of scattershot (3)
   (You took it off an orc warrior on level 7 of the Dungeon)
Scrolls
 i - 6 scrolls of immolation
 o - 3 scrolls of magic mapping
 s - a scroll of fear
 t - 2 scrolls of teleportation
 w - 3 scrolls of remove curse
 E - a scroll of holy word
Potions
 l - 2 potions of stabbing
 n - a potion of lignification {unknown}
 q - 4 potions of curing
 x - 2 potions of invisibility
 z - 2 potions of brilliance
 A - a potion of haste {unknown}
 F - 3 potions of mutation
 I - a potion of cancellation {unknown}
Miscellaneous
 L - a lamp of fire
   (You found it in an ice cave)
Comestibles
 e - 21 rations


   Skills:
 + Level 9.2 Fighting
 * Level 14.3 Axes
 + Level 10.9 Armour
 + Level 10.9 Shields
 + Level 10.5 Invocations


You had 12 spell levels left.
You didn't know any spells.
Your spell library was empty.

Dungeon Overview and Level Annotations

Branches:
Dungeon (15/15)            Temple (1/1) D:6            Lair (0/6) D:11
 Vaults (0/5) D:14         Depths (0/5) D:15          IceCv (visited)
    Orc: D:9-12

Altars:
Dithmenos
Fedhas
Gozag
Makhleb
Qazlal
Ru
Sif Muna
Uskayaw
Xom
The Shining One

Shops:
D:5 *

Portals:
Trove: D:12 (give +2 ice dragon scales)

Annotations:
D:3 2 transporters, Error4North's ghost, amateur HuFi
D:10 1 runed translucent door, Ywem's ghost, novice GnWn
D:15 Roxanne


Innate Abilities, Weirdness & Mutations

You are resistant to damage.
You can heal yourself by infusing magical energy.
You passively map the area around you.
You do not regenerate.


Message History

You slash the skeletal warrior! The tarantella closely misses you.
The skeletal warrior hits you with a +0 flail.
* * * LOW HITPOINT WARNING * * *
The skeletal warrior hits you but does no damage.
The ice devil hits you but does no damage.
The tarantella bites you but does no damage.
The soul eater draws from the surrounding life force!
* * * LOW HITPOINT WARNING * * *
The crimson imp blinks!
The orc warrior hits you but does no damage.
The skeletal warrior hits you but does no damage.
You miss the skeletal warrior. You closely miss the skeletal warrior.
You closely miss the ice devil. You hit the tarantella.
You hit the skeletal warrior. You miss the chaos spawn.
The chaos spawn gores you but does no damage.
The tarantella bites you but does no damage.
The ice devil hits you but does no damage.
The skeletal warrior hits you but does no damage.
The skeletal warrior hits you with a +0 flail!!
You die...

, , ,,, , .......[.... *
*#.........,, ...........
* #......... ,..#.......
** #........# *#.#.......
, #........# #.####....
#.....oKo# #.........
#....o5zK# #......... , ,,
#...53z4z######.........
,, ,
#..54Ks@z............... ,
,
,*#...5K4(§#######..##....
,,,
###.###(..........######
,,,, #, #...[........# *##
, #...§........#*... * , ,
#............#..≈≈ ,*
#........).......≈ ≈ ,,
#.............≈.#≈ ≈ ≈ ≈
,, #.............≈≈≈≈


You could see 4 skeletal warriors, a soul eater, an ice devil, 2 kobold
demonologists, 2 chaos spawn, a tarantella, an orc warrior, a big kobold, a
crimson imp, 2 shadow imps, 2 orcs, an ufetubus and a kobold.

Vanquished Creatures
  A white draconian (IceCv)
  3 centaur warriors
  A dancing weapon (D:14)
  3 two-headed ogres
  A skeletal warrior (D:15)
  Pikel (D:5)
  A wolf spider zombie (D:14)
  4 ugly things
  A manticore (D:14)
  2 centaur zombies
  Maurice (D:10)
  2 centaur skeletons
  An efreet (D:14)
  A kobold demonologist (D:14)
  A gargoyle (D:15)
  2 rime drakes (IceCv)
  10 polar bears (IceCv)
  4 trolls
  A hippogriff (shapeshifter) (D:15)
  3 hippogriffs
  A spriggan (D:11)
  2 vampires
  A tarantella (shapeshifter) (D:15)
  2 wyverns
  30 yaks
  5 hungry ghosts
  A water moccasin (D:9)
  Purgy (D:4)
  6 orc warriors
  3 slaves (D:5)
  4 ice beasts
  2 phantoms
  An eye of draining (D:11)
  5 sky beasts
  A necrophage (D:11)
  14 wolves (IceCv)
  8 ogres
  13 centaurs
  2 big kobolds
  9 bullfrogs
  A gnoll sergeant (D:11)
  4 scorpions
  15 wights
  A howler monkey (D:5)
  A crimson imp (D:9)
  2 bullfrog zombies
  4 hounds
  A bullfrog skeleton (D:5)
  5 jellies
  5 orc priests
  7 iguanas
  12 orc wizards
  11 worker ants
  A hound skeleton (D:4)
  Robin (D:4)
  A worker ant zombie (D:7)
  6 adders
  8 gnolls
  3 shadow imps
  An adder skeleton (D:6)
  A dart slug (D:3)
  2 leopard geckos
  54 orcs
  2 bats
  2 giant cockroaches (D:4)
  13 goblins
  6 hobgoblins
  2 jackals (D:4)
  11 kobolds
  A quokka (D:10)
  2 frilled lizards
  A leopard gecko skeleton (D:5)
342 creatures vanquished.

Vanquished Creatures (collateral kills)
  Harold (D:10)
  A shadow imp (D:10)
  2 orcs (D:10)
4 creatures vanquished.

Vanquished Creatures (others)
  A dancing weapon (D:14)
  An unseen horror (D:14)
  An ugly thing (D:14)
  A polar bear (IceCv)
  A yak (IceCv)
5 creatures vanquished.

Grand Total: 351 creatures vanquished

Notes
Turn   | Place    | Note
-------+----------+-------------------------------------------
     0 | D:1      | Flugslaktarn the Deep Dwarf Fighter began the quest for the
                  | Orb.
     0 | D:1      | Reached XP level 1. HP: 20/20 MP: 1/1
   120 | D:2      | Reached XP level 2. HP: 21/27 MP: 2/2
   441 | D:3      | Found a transporter.
   441 | D:3      | Noticed Error4North's ghost (amateur HuFi)
   442 | D:3      | Found a transporter.
   485 | D:3      | Reached skill level 3 in Axes
   485 | D:3      | Reached XP level 3. HP: 23/33 MP: 3/3
   490 | D:3      | Found an opulent altar of Gozag.
   557 | D:4      | Noticed a scorpion
   570 | D:4      | Killed a scorpion
   570 | D:4      | Reached XP level 4. HP: 25/42 MP: 4/4
   601 | D:4      | Noticed an ogre
   607 | D:4      | Killed an ogre
   607 | D:4      | Reached skill level 4 in Axes
   607 | D:4      | Reached XP level 5. HP: 43/49 MP: 4/4
   714 | D:4      | Noticed Robin
   723 | D:4      | Killed Robin
   818 | D:4      | Reached XP level 6. HP: 34/56 MP: 5/5
   983 | D:4      | Noticed Purgy
  1013 | D:4      | Killed Purgy
  1013 | D:4      | Reached skill level 5 in Axes
  1446 | D:5      | Entered Level 5 of the Dungeon
  1497 | D:5      | Found a stormy altar of Qazlal.
  1524 | D:5      | Reached XP level 7. HP: 35/64 MP: 6/6
  1726 | D:5      | Reached skill level 5 in Armour
  1726 | D:5      | Reached skill level 5 in Shields
  1758 | D:5      | Reached skill level 6 in Axes
  1896 | D:5      | Found Bynnyusch's Bounteous Boutique.
  1897 | D:5      | Noticed Pikel
  1921 | D:5      | Killed Pikel
  1921 | D:5      | Reached skill level 7 in Axes
  1921 | D:5      | Reached XP level 8. HP: 45/73 MP: 7/7
  1972 | D:5      | Paralysed by fainting for 6 turns
  2016 | D:5      | Reached skill level 5 in Fighting
  2272 | D:5      | Bought a +0 pair of boots for 63 gold pieces
  2382 | D:6      | Reached skill level 8 in Axes
  2488 | D:6      | Found a staircase to the Ecumenical Temple.
  2578 | Temple   | Entered the Ecumenical Temple
  2588 | Temple   | Became a worshipper of Makhleb the Destroyer
  2682 | D:6      | Found a sacrificial altar of Ru.
  2833 | D:7      | Reached skill level 1 in Invocations
  2990 | D:7      | Gained mutation: You passively map the area around you.
                  | [Deep Dwarf growth]
  2990 | D:7      | Reached XP level 9. HP: 57/81 MP: 6/6
  3339 | D:8      | Reached skill level 9 in Axes
  3451 | D:8      | Reached * piety under Makhleb
  3466 | D:8      | Identified the +7 hunting sling "Ewkyg" {venom, Dex+2}
  4014 | D:9      | Noticed a troll
  4019 | D:9      | Killed a troll
  4019 | D:9      | Reached XP level 10. HP: 92/92 MP: 10/10
  4029 | D:9      | Reached skill level 10 in Axes
  4200 | D:9      | Found a blossoming altar of Fedhas.
  4200 | D:9      | Found a shimmering altar of Xom.
  4201 | D:9      | Found a shadowy altar of Dithmenos.
  4791 | D:10     | Entered Level 10 of the Dungeon
  4799 | D:10     | Reached skill level 5 in Invocations
  4846 | D:10     | Reached ** piety under Makhleb
  4959 | D:10     | Noticed Harold
  4966 | D:10     | Killed Harold
  5042 | D:10     | Found a runed translucent door.
  5045 | D:10     | Noticed a two-headed ogre
  5047 | D:10     | Noticed Ywem's ghost (novice GnWn)
  5065 | D:10     | Killed a two-headed ogre
  5065 | D:10     | Reached skill level 11 in Axes
  5218 | D:10     | Reached XP level 11. HP: 76/100 MP: 12/12
  5220 | D:10     | Reached *** piety under Makhleb
  5760 | D:10     | Noticed Maurice
  5792 | D:10     | Killed Maurice
  5917 | D:11     | Found a staircase to the Lair.
  5971 | D:11     | Noticed a brown ugly thing
  5995 | D:11     | Killed a brown ugly thing
  6123 | D:11     | Found a frozen archway.
  6156 | D:11     | Reached **** piety under Makhleb
  6200 | IceCv    | Entered an ice cave
  6329 | IceCv    | Reached skill level 12 in Axes
  6709 | IceCv    | Noticed a white draconian
  6745 | IceCv    | Reached XP level 12. HP: 56/110 MP: 15/15
  6762 | IceCv    | Killed a white draconian
  6762 | IceCv    | Reached ***** piety under Makhleb
  6888 | D:11     | Reached skill level 13 in Axes
  6894 | D:11     | Noticed a centaur warrior
  6910 | D:11     | Killed a centaur warrior
  6910 | D:11     | Reached skill level 10 in Armour
  6910 | D:11     | Reached skill level 10 in Shields
  7347 | D:12     | Noticed a two-headed ogre
  7363 | D:12     | Killed a two-headed ogre
  7384 | D:12     | Found a portal to a secret trove of treasure.
  7408 | D:12     | You fall into a shaft and drop 2 floors!
  7452 | D:14     | Noticed a two-headed ogre
  7455 | D:14     | Noticed a centaur warrior
  7465 | D:14     | Killed a two-headed ogre
  7488 | D:14     | Reached skill level 10 in Invocations
  7495 | D:14     | Reached skill level 14 in Axes
  7506 | D:14     | Killed a centaur warrior
  7506 | D:14     | Reached XP level 13. HP: 110/121 MP: 15/15
  7969 | D:14     | Found a gate to the Vaults.
  8263 | D:15     | Entered Level 15 of the Dungeon
  8374 | D:15     | Identified Roxanne's Disquisition on Stones
  8374 | D:15     | Noticed Roxanne
  8491 | D:15     | Found a staircase to the Depths.
  8491 | D:15     | Noticed a fire giant
  8533 | D:15     | Mangled by a skeletal warrior

Levels and vault maps discovered:
D:1:      dpeg_arrival_more_subterranean_lakeside_camping, layout_basic
D:2:      minmay_chambers_of_ones, layout_basic, uniq_jessica
D:3:      layout_loops_cross, grunt_gozag_statues, first_ration,
          gammafunk_ghost_mausoleum
D:4:      layout_gridville, minivault_11, uniq_purgy, uniq_robin
D:5:      layout_loops_cross, grunt_qazlal_clouds, nicolae_alphabet_shops,
          roderic_roman_lattice, uniq_pikel
D:6:      layout_rooms, nicolae_ru_path_of_blood, minmay_temple_entry_tees,
          serial_curves, eino_curves_01, eino_curves_02
D:7:      layout_basic
D:8:      layout_basic
D:9:      lemuel_flame_loot_2, layout_stronghold, gammafunk_temple_overflow_claw
D:10:     layout_cave_pods, ebering_ghost_reflecting_pool, uniq_harold,
          uniq_maurice
D:11:     layout_loops_ring, lair_entry_dummy, portal_ice_cave_entry_pillars_1,
          grunt_pizzeria, eino_curves_02
D:12:     layout_loops_cross, david_orc_2, enter_trove_2,
          grunt_decor_resistance, uniq_nessos
D:14:     layout_long_grid, erik_vaults_1
D:15:     grunt_enter_depths_giant_problem, layout_basic, serial_bayou_shore_a,
          uniq_roxanne
Temple:   regret_index_temple_sphere_string

Skill      XL: |  1  2  3  4  5  6  7  8  9 10 11 12 |
---------------+-------------------------------------+-----
Axes           | 3 4 5 7 8 9 11 12 14 | 14.3
Fighting       | 3 4 5 6 7 8 9 |  9.2
Armour         | 4 5 6 7 8 9 10 | 10.9
Shields        | 4 5 6 7 8 9 10 | 10.9
Invocations    | 1 4 6 8 10 | 10.5

Action                   |  1- 3 |  4- 6 |  7- 9 | 10-12 | 13-15 || total
-------------------------+-------+-------+-------+-------+-------++-------
Melee: War axe           |    65 |   164 |   476 |   780 |   150 ||  1635
 Abil: Heal Wounds       |       |     2 |     8 |     8 |     7 ||    25
  Use: Scroll            |       |       |     8 |     4 |     7 ||    19
       Potion            |       |       |       |     3 |     1 ||     4
 Stab: Distracted        |       |       |       |     1 |       ||     1
       Invisible         |       |       |       |    25 |       ||    25
  Eat: Chunk             |       |     3 |    15 |    17 |     4 ||    39
       Ration            |       |       |     1 |       |       ||     1
Armor: Scale mail        |     9 |       |       |       |       ||     9
       Plate armour      |    33 |   152 |   345 |   649 |    92 ||  1271
Dodge: Dodged            |    11 |    22 |    83 |   210 |    38 ||   364
Block: Kite shield       |    32 |   102 |   265 |   635 |    85 ||  1119

Table legend:
 A = Non-vault XP
 B = Vault XP
 C = Vault XP percentage of total XP
 D = Non-vault monster count
 E = Vault monster count
 F = Vault count percentage of total count
                 A         B        C        D         E       F
            +---------+---------+-------+---------+---------+-------
      Total |   29906 |   13287 |  30.8 |     285 |      62 |  17.9
            +---------+---------+-------+---------+---------+-------
        D:1 |      11 |       0 |   0.0 |       6 |       0 |   0.0
        D:2 |       5 |       0 |   0.0 |       3 |       0 |   0.0
        D:3 |      32 |       0 |   0.0 |      10 |       0 |   0.0
        D:4 |     429 |     179 |  29.4 |      27 |      13 |  32.5
        D:5 |     860 |     651 |  43.1 |      27 |       1 |   3.6
        D:6 |     423 |       0 |   0.0 |       9 |       0 |   0.0
        D:7 |     753 |       0 |   0.0 |      13 |       0 |   0.0
        D:8 |    2118 |       0 |   0.0 |      37 |       0 |   0.0
        D:9 |    1033 |       0 |   0.0 |       9 |       0 |   0.0
       D:10 |    5185 |    1245 |  19.4 |      46 |       2 |   4.2
       D:11 |    5689 |     224 |   3.8 |      48 |       1 |   2.0
       D:12 |     877 |       0 |   0.0 |       1 |       0 |   0.0
       D:14 |   10502 |    1411 |  11.8 |      38 |       2 |   5.0
       D:15 |    1989 |       0 |   0.0 |      11 |       0 |   0.0
      IceCv |       0 |    9577 | 100.0 |       0 |      43 | 100.0
            +---------+---------+-------+---------+---------+-------
